cohdb
Replays
Latest Replays
All Replays
Popular Replays
Top Player Replays
Match Explorer
How It Works
Community
CoH3 Stats
Reddit
Sign in to upload your games and track your stats! →
Sign in with Steam
Match 42423228
Unlisted
Match 42423228
Overview
Messages
Build Orders
End
Royal Engineer Section
Selects Australian Defense Battlegroup
Selects Australian Light Infantry Section
Australian Light Infantry Section
Australian Light Infantry Section
Vickers Machine Gun Team
Construct Section Command Post
Australian Light Infantry Section
Construct Platoon Command Post
Selects Defensive Tactics
Construct Company Command Post
Crusader II Medium Tank
Selects Vehicle Over Repair
Construct Field Infirmary
Crusader II Medium Tank
Selects CMP 15cwt Supply Run
Crusader II Medium Tank
TTVFlekz127
Guderian ITA
0
0
Comments
sign in to comment!
No comments posted yet!